Map: Central Protocol

Players

PerseVerAnce

  • Race: Terran Terran
  • League: Platinum

Hippotrainer - Winner!

  • Race: Zerg Zerg
  • League: Gold

VOD

Have the link to the VOD?

Description

Dying to Zergling/Baneling aggression.

Time

  • Played on: Dec. 24, 2015, 12:21 p.m.
  • Length: 11:04
Show
View Real Time Build Order
Export as new Build Order

PerseVerAnce Terran 

Build Orders: Reaper Expand 

Get SALT Encoding   

  12  0:00  SCV  
  13  0:12  SCV  
  14  0:17  Supply Depot  
  14  0:25  SCV  
  15  0:39  SCV  
  15  0:41  Barracks  
  16  0:45  Refinery  
  16  0:51  SCV  
  17  1:03  SCV  
  18  1:15  SCV  
  19  1:28  Orbital Command  
  19  1:31  Reaper  
  20  1:44  Command Center  
  20  1:52  Refinery  
  20  1:55  SCV  
  21  2:10  Barracks Reactor  
  21  2:15  Supply Depot  
  21  2:17  SCV  
  22  2:28  Factory  
  22  2:29  SCV  
  23  2:32  Barracks  
  23  2:41  SCV  
  24  2:47  Marine x2  
  26  3:00  SCV  
  26  3:02  Orbital Command  
  27  3:08  Marine x2  
  29  3:13  SCV  
  30  3:24  Barracks Tech Lab  
  30  3:25  SCV  
  31  3:29  Armory  
  31  3:37  SCV, Hellion, Starport  
  31  3:38  Hellion  
  36  3:42  SCV  
  37  3:50  SCV  
  37  3:53  Barracks Reactor  
  38  3:58  Marauder  
  38  4:01  Hellion  
  38  4:02  Hellion  
  44  4:09  SCV x2  
  46  4:20  Liberator  
  46  4:21  Marauder  
  39  4:31  Hellion x2  
  39  4:35  Marine x2  
  44  4:42  Marauder  
  37  5:04  Hellion  
  37  5:06  Marine x2  
  37  5:08  Marauder  
  39  5:17  Hellion  
  23  5:37  Marine x2  
  23  5:38  Hellion  
  23  5:39  SCV x2  
  29  5:51  SCV x2  
  33  6:08  SCV x2, Marine x2  
  33  6:09  Marauder  
  33  6:10  Liberator  
  39  6:14  Supply Depot  
  39  6:15  Supply Depot  
  39  6:19  Factory Reactor  
  39  6:20  SCV x2  
  39  6:25  Supply Depot  
  39  6:32  SCV, Factory  
  43  6:33  Terran Vehicle Weapons Level 1  
  43  6:37  SCV  
  43  6:38  Marine x2  
  43  6:39  Marauder  
  48  6:44  SCV  
  49  6:49  SCV  
  50  6:55  Marine  
  50  6:56  SCV, Marine  
  50  6:57  Hellbat x2  
  50  7:00  Marauder  
  59  7:01  SCV  
  59  7:08  SCV  
  61  7:18  SCV, Marine  
  61  7:19  Marine  
  61  7:21  Marauder, Hellbat x2  
  70  7:23  Factory Tech Lab  
  69  7:33  SCV  
  70  7:42  Marine  
  70  7:43  SCV  
  72  7:44  Supply Depot  
  72  7:47  SCV  
  72  7:48  Supply Depot  
  72  7:51  Hellbat x2  
  77  7:52  Infernal Pre-Igniter  
  77  7:55  SCV  
  78  8:06  Marauder, Marine x2  
  82  8:26  SCV  
  84  8:27  SCV, Marine x2  
  84  8:30  Hellion  
  84  8:31  Hellion  
  92  8:34  Hellion  
  92  8:39  SCV x2  
  94  8:41  Starport Reactor  
  94  8:45  Supply Depot  
  94  8:47  Supply Depot  
  91  8:55  Stimpack  
  88  9:00  Marine  
  88  9:01  Marine x2  
  85  9:34  Marine x3  
  63  9:42  SCV x2  
  63  9:44  Cyclone  
  62  9:49  Widow Mine x2  
  66  9:54  SCV x2  
  66  9:56  Marine x2  
  66  9:58  Engineering Bay, Marauder  
  78  10:08  Viking x2  
  55  10:46  SCV x2  
Show
View Real Time Build Order
Export as new Build Order

Hippotrainer Zerg - Winner!

Build Orders: Hatch First, Muta Ling Bane, Zergling Baneling 

Get SALT Encoding   

  12  0:01  Drone  
  13  0:08  Drone  
  14  0:17  Overlord  
  14  0:26  Drone, Extractor  
  15  0:35  Drone x2  
  17  0:55  Hatchery  
  16  0:59  Drone  
  17  1:07  Extractor  
  16  1:13  Spawning Pool  
  16  1:15  Drone  
  16  1:20  Drone  
  16  1:23  Drone  
  18  1:31  Overlord  
  18  1:41  Drone  
  19  1:51  Drone  
  20  2:00  Queen  
  22  2:03  Zergling x2  
  22  2:07  Queen  
  25  2:09  Metabolic Boost  
  25  2:22  Drone x3  
  28  2:28  Drone  
  29  2:57  Drone x4  
  29  2:58  Overlord  
  33  3:02  Baneling Nest, Zergling x2  
  33  3:10  Drone x2  
  35  3:23  Zergling x2  
  35  3:24  Zergling x10  
  41  3:32  Zergling x2  
  41  3:33  Zergling x2  
  43  3:42  Zergling x2  
  43  3:43  Overlord x4  
  44  3:55  Baneling x4  
  44  3:56  Baneling x5  
  44  4:03  Zergling x2  
  44  4:04  Zergling x8  
  49  4:10  Zergling x4  
  45  4:29  Zergling x2  
  45  4:30  Zergling x4  
  43  4:37  Drone x3  
  46  4:45  Drone x3  
  48  4:46  Drone x2  
  48  4:52  Hatchery  
  47  5:05  Drone x5  
  47  5:06  Drone x4  
  56  5:10  Queen  
  56  5:13  Queen  
  58  5:26  Overlord x2  
  56  5:28  Extractor  
  56  5:29  Extractor  
  56  5:31  Evolution Chamber  
  56  5:32  Evolution Chamber  
  49  5:39  Spore Crawler  
  49  5:40  Spore Crawler  
  47  5:43  Drone x4  
  47  5:45  Drone x2  
  47  5:48  Lair  
  53  6:01  Zergling x10  
  58  6:06  Zerg Melee Weapons Level 1  
  58  6:17  Overlord  
  58  6:19  Drone  
  58  6:20  Drone x8  
  58  6:25  Extractor  
  66  6:34  Zerg Ground Armor Level 1  
  66  6:35  Overlord  
  66  6:49  Queen  
  66  6:50  Drone x7, Spore Crawler  
  66  6:51  Drone x2  
  66  6:53  Extractor  
  75  6:54  Extractor  
  75  6:57  Drone x2  
  75  6:59  Spire  
  75  7:01  Overlord  
  75  7:19  Drone  
  75  7:20  Drone x7  
  75  7:21  Zergling x2  
  75  7:22  Zergling x6  
  79  8:12  Mutalisk  
  79  8:13  Mutalisk x7  
  79  8:14  Mutalisk x2  
  79  8:19  Queen x2  
  103  8:25  Hatchery  
  103  8:27  Zergling x6  
  100  8:53  Drone x4  
  104  9:06  Baneling x3  
  104  9:07  Centrifical Hooks, Baneling x4  
  104  9:08  Mutalisk x4  
  104  9:09  Mutalisk  
  108  9:21  Zergling x6  
  104  9:34  Zergling x2  
  104  9:35  Zergling x14  
  103  9:47  Queen  
  103  9:48  Drone x2  
  103  9:49  Drone  
  108  10:13  Drone x2  
  108  10:14  Drone  
  110  10:16  Zergling x2  
  110  10:17  Zergling x6  
  111  10:29  Baneling x8  
Tags
 
Add a new tag
Caveats
  • Supply blocks, unpowered buildings, or Contaminate may cause inaccurate times.
  • Supply counts are checked every 10 seconds.